 Dungeon Sprint DCSS version 0.17-a0-1987-gaf5a542 (webtiles) character file.

122374 Kidiri the Imperceptible (level 15, -10/63 HPs)
             Began as a Spriggan Enchanter on Oct 6, 2015.
             Was the Champion of Dithmenos.
             Killed from afar by a golden dragon (73 damage)
             ... with a bolt of cold
             ... in the Dungeon (Sprint III: "The Ten Rune Challenge").
             The game lasted 01:01:07 (11118 turns).

Kidiri the Imperceptible (Spriggan Enchanter)      Turns: 11118, Time: 01:01:13

Health: -10/63     AC:  6    Str:  4    XL:     15   Next: 63%
Magic:  48/48      EV: 41    Int: 24    God:    Dithmenos [******]
Gold:   1394       SH:  8    Dex: 25    Spells: 12 memorised, 6 levels left

rFire  . . .     SeeInvis +     t - +5 quick blade
rCold  . . .     Clarity  +     b - +2 robe {MR+}
rNeg   + . .     SustAt   +     f - +0 buckler "Veohatuo" {rPois MP+9 Slay+4}
rPois  +         Gourm    .     s - +0 hat
rElec  .         Spirit   .     l - +0 cloak
rCorr  .         Warding  .     (gloves unavailable)
rMut   .         NoTele   +     (boots unavailable)
MR     +++..                    k - amulet "Olyhir" {Clar rN+ Str+2 Dex+3}
Stlth  ++++++++++               B - ring of sustain attributes
                                z - +2 ring of intelligence

@: wreathed by umbra, very quick, extremely resistant to hostile enchantments,
uncannily stealthy
A: unfitting armour, see invisible, berserk 1, clever 2, herbivore 3, speed 3,
mutation resistance 1, slow metabolism 2, weak 1, no device heal 1
a: Shadow Step, Shadow Form, Renounce Religion
}: 2/10 runes: decaying, barnacled


You were in the Dungeon.
You worshipped Dithmenos.
Dithmenos was exalted by your worship.
You were not hungry.

You visited 1 branch You collected 1564 gold pieces.
You spent 170 gold pieces at shops.

Inventory:

Hand Weapons
 t - a +5 quick blade (weapon)
 N - a +1 short sword of electrocution
Missiles
 m - 10 throwing nets (quivered)
Armour
 b - a +2 robe of magic resistance (worn)
 f - the +0 buckler "Veohatuo" (worn) {rPois MP+9 Slay+4}
   (You acquired it in the Dungeon)

   It affects your accuracy and damage with ranged weapons and melee attacks
   (+4).
   It protects you from poison.
   It affects your magic capacity (+9).
 l - a +0 cloak (worn)
 s - a +0 hat (worn)
 v - a +0 buckler of reflection
 x - a +1 chain mail of cold resistance
 y - a gold dragon hide
 D - a cursed +0 robe
Jewellery
 k - the amulet "Olyhir" (around neck) {Clar rN+ Str+2 Dex+3}
   (You acquired it in the Dungeon)

   [amulet of clarity]

   It provides mental clarity.
   It affects your strength (+2).
   It affects your dexterity (+3).
   It protects you from negative energy.
 z - a +2 ring of intelligence (left hand)
 B - a ring of sustain attributes (right hand)
 L - an uncursed ring of flight
Wands
 a - a wand of frost (16)
 C - a wand of lightning (10)
Scrolls
 j - 6 scrolls of identify
 n - a scroll of remove curse
 q - a scroll of holy word
 w - 3 scrolls of amnesia
 A - 2 scrolls of silence
Potions
 c - a potion of berserk rage
 e - a potion of curing
 g - 3 potions of haste
 h - a potion of cancellation
 i - a potion of might
 o - a potion of cure mutation
 p - 9 potions of flight
 u - a potion of mutation
Books
 G - a book of Annihilations

   Spells                             Type                      Level
   a - Poison Arrow                   Conjuration/Poison           6
   b - Chain Lightning                Conjuration/Air              8
   c - Lehudib's Crystal Spear        Conjuration/Earth            8
   d - Glaciate                       Conjuration/Ice              9
   e - Fire Storm                     Conjuration/Fire             9
Comestibles
 d - 2 fruits
 r - 29 royal jellies


   Skills:
 * Level 18.3 Short Blades
 + Level 9.8 Armour
 * Level 22.9 Dodging
 * Level 24.6 Stealth
 * Level 4.0 Shields
 * Level 19.8 Spellcasting
 + Level 9.5 Conjurations
 + Level 14.7 Hexes
 + Level 16.3 Translocations
 + Level 14.9 Transmutations
 + Level 10.8 Ice Magic
 + Level 11.0 Earth Magic
 + Level 6.8 Poison Magic
 - Level 2.1 Invocations


You had 6 spell levels left.
You knew the following spells:

 Your Spells              Type           Power        Failure   Level  Hunger
a - Corona                Hex            #######      0%          1    None
b - Ensorcelled Hibernat  Hex/Ice        ######       1%          2    None
c - Confuse               Hex            #######.     0%          3    None
d - Tukima's Dance        Hex            #######.     0%          3    None
e - Dazzling Spray        Conj/Hex       ######..     1%          3    None
f - Passwall              Trmt/Erth      ######....   1%          3    None
g - Passage of Golubria   Tloc           N/A          1%          4    None
h - Lee's Rapid Deconstr  Erth           ######....   1%          5    None
i - Invisibility          Hex            #######.     1%          6    ###....
j - Darkness              Hex            #######...   1%          6    ###....
k - Phase Shift           Tloc           #######...   1%          5    None
l - Poison Arrow          Conj/Pois      ######....   14%         6    ###....


Dungeon Overview and Level Annotations

Branches:
Dungeon (1/1)

Altars:
Cheibriados
Dithmenos
Elyvilon
Fedhas
Gozag
Kikubaaqudgha
Makhleb
Nemelex Xobeh
Okawaru
Qazlal
Ru
Sif Muna
Trog
Vehumet
Xom
Yredelemnul
Zin
The Shining One
Jiyva
Lugonu

Shops:
D [:!(}%([:%(%?(=}=!!


Innate Abilities, Weirdness & Mutations

You are tiny and cannot use many weapons and most armour.
You have supernaturally acute eyesight.
You are a herbivore.
You cover ground extremely quickly.
You need consume almost no food.
You tend to lose your temper in combat.
Your mind is very acute. (Int +4)
You are somewhat resistant to further mutation.
You are weak. (Str -2)
Potions and wands are less effective at restoring your health.


Message History

You drop a great mace of pain.
Unknown command.
Okay, then.
Unknown command.
You open the door.
There is an open door, spattered with blood here.
You see here a human skeleton.
You close the door.
You see here a runed chain mail.
x - a runed chain mail You see here a robe.
D - a robe You catch the helpless golden dragon momentarily off-guard.
You spit the golden dragon like a pig!!!
The golden dragon is heavily wounded.
Your shadow hits the golden dragon but does no damage.
The golden dragon breathes cold at you. The bolt of cold hits you!
Ouch! That really hurt!
You die...

,)[..CCppp§#§§≈≈≈#
,$\..DDpp§§#D≈≈≈≈#
,$)..D.pppb#.≈≈≈.#
,?[..zDb...#≈≈≈≈≈#
,::DCppb.b.#§≈...#
,$$....p...#§§...#
,=.c.p..p..#§§...#
################D#
......)+.....§§§@#
.#######§§§§§§§§§#
.§§§...#§§§§§§§§§#
######.#§§§§§§§§§#
.......#§§.§§§§§§#
+#################
.#.#.#.#§§§§§§.§(#
#.#.#.##§§§§§§§§§#
.#...#.#§§§.§.§§§#


You could see a golden dragon and a quicksilver dragon (wandering).

Vanquished Creatures
  An ancient lich (D)
  Frederick (D)
  A golden dragon (D)
  Rupert (D)
  A lich (D)
  A titan (D)
  A deep elf master archer (D)
  A kraken (D)
  2 sphinxes (D)
  Gastronok (D)
  2 shadow dragons (D)
  Chuck (D)
  Dowan (D)
  Maud (D)
  A frost giant (D)
  A deep elf demonologist (D)
  Azrael (D)
  2 dire elephants (D)
  3 deep elf annihilators (D)
  A deep elf death mage (D)
  3 mummy priests (D)
  A fire dragon (D)
  A deep elf high priest (D)
  10 vault guards (D)
  2 yaktaur captains (D)
  An ogre mage (D)
  A hydra (D)
  5 ice dragons (D)
  Erolcha (D)
  An alligator snapping turtle (D)
  An anaconda (shapeshifter) (D)
  A centaur warrior (D)
  6 dancing weapons (D)
  4 death yaks (D)
  2 deep elf knights (D)
  5 skeletal warriors (D)
  A spriggan druid (D)
  A deep elf summoner (D)
  An obsidian statue (D)
  A deep elf conjurer (D)
  4 crystal guardians (D)
  A lindwurm (D)
  A manticore (shapeshifter) (D)
  4 orc sorcerers (D)
  6 ugly things (D)
  A moth of wrath (shapeshifter) (D)
  2 black mambas (D)
  2 elephants (D)
  A komodo dragon (D)
  Duvessa (D)
  An orange crystal statue (D)
  2 spiny frogs (D)
  A fire drake (D)
  3 yaktaurs (D)
  2 deep elf priests (D)
  9 guardian mummies (D)
  A queen bee (D)
  3 wandering mushrooms (D)
  A merfolk (shapeshifter) (D)
  4 spriggan defenders (D)
  8 blink frogs (D)
  An orc high priest (D)
  5 slime creatures (D)
  2 trapdoor spiders (D)
  5 snapping turtles (D)
  2 spriggans (D)
  4 redbacks (D)
  A shadow (D)
  2 hill giants (D)
  A spatial vortex (D)
  A hydra simulacrum (D)
  A swamp drake (D)
  A necrophage (D)
  2 brain worms (D)
  3 two-headed ogres (D)
  A water elemental (D)
  32 killer bees (D)
  An electric eel (D)
  7 orc priests (D)
  A jelly (D)
  Jessica (D)
  A necromancer (D)
  2 orc wizards (D)
  A wizard (D)
  A wolf (D)
  3 humans (D)
  A kobold demonologist (D)
  A giant eyeball (D)
  2 swamp drake simulacra (D)
  2 oozes (D)
  7 orcs (D)
  A rat (D)
  2 plants (D)
230 creatures vanquished.

Vanquished Creatures (collateral kills)
  2 vault guards (D)
  2 skeletal warriors (D)
4 creatures vanquished.

Vanquished Creatures (others)
  2 draconian scorchers (D)
  2 hydras (D)
  A dancing weapon (D)
  A death drake (D)
  3 yaktaurs (D)
  An orc (D)
  A bush (D)
  A fungus (D)
  4 plants (D)
  12 tentacles (D)
  68 tentacle segments (D)
96 creatures vanquished.

Grand Total: 330 creatures vanquished

Notes
Turn   | Place    | Note
--------------------------------------------------------------
     0 | D        | Kidiri the Spriggan Enchanter began the quest for the Orb.
     0 | D        | Reached XP level 1. HP: 9/9 MP: 5/5
     9 | D        | Reached skill level 5 in Stealth
    11 | D        | Reached XP level 2. HP: 13/13 MP: 5/7
    15 | D        | Learned a level 2 spell: Ensorcelled Hibernation
    21 | D        | Killed a yaktaur
    41 | D        | Noticed Jessica
    45 | D        | Killed Jessica
    45 | D        | Reached skill level 1 in Armour
    45 | D        | Reached skill level 5 in Dodging
    45 | D        | Reached skill level 6 in Stealth
    45 | D        | Reached XP level 3. HP: 16/16 MP: 7/9
    75 | D        | Learned a level 3 spell: Confuse
    79 | D        | Learned a level 3 spell: Tukima's Dance
    83 | D        | Noticed a wolf
    88 | D        | Reached skill level 1 in Ice Magic
    91 | D        | Killed a wolf
    91 | D        | Reached skill level 7 in Stealth
    91 | D        | Reached skill level 5 in Spellcasting
    91 | D        | Reached XP level 4. HP: 7/21 MP: 6/12
   102 | D        | Learned a level 3 spell: Dazzling Spray
   121 | D        | Killed a five-headed hydra
   142 | D        | Gained mutation: You tend to lose your temper in combat. [potion of mutation]
   142 | D        | Gained mutation: Your mind is acute. (Int +2) [potion of mutation]
   142 | D        | Gained mutation: You are somewhat resistant to further mutation. [potion of mutation]
   143 | D        | Gained mutation: You are weak. (Str -2) [potion of mutation]
   143 | D        | Gained mutation: Your mind is very acute. (Int +4) [potion of mutation]
   193 | D        | Killed a white draconian scorcher
   224 | D        | Killed a white draconian scorcher
   348 | D        | Noticed a water elemental
   351 | D        | Killed a water elemental
   360 | D        | Noticed a jelly
   361 | D        | Noticed a shadow
   389 | D        | Killed a shadow
   389 | D        | Reached skill level 5 in Short Blades
   389 | D        | Reached skill level 8 in Dodging
   389 | D        | Reached skill level 9 in Stealth
   389 | D        | Reached skill level 1 in Conjurations
   389 | D        | Reached skill level 5 in Hexes
   389 | D        | Reached XP level 5. HP: 24/24 MP: 1/15
   551 | D        | Killed a jelly
   551 | D        | Reached XP level 6. HP: 28/28 MP: 17/17
   599 | D        | Found a stormy altar of Qazlal.
   600 | D        | Found a sacrificial altar of Ru.
   600 | D        | Found a burning altar of Makhleb.
   600 | D        | Found a viscous altar of Jiyva.
   600 | D        | Found a shimmering altar of Xom.
   600 | D        | Found a shadowy altar of Dithmenos.
   600 | D        | Found a sparkling altar of Nemelex Xobeh.
   600 | D        | Found a corrupted altar of Lugonu.
   600 | D        | Found an opulent altar of Gozag.
   600 | D        | Noticed a spatial vortex
   604 | D        | Became a worshipper of Dithmenos the Shadowed
   612 | D        | Killed a spatial vortex
   612 | D        | Reached skill level 10 in Stealth
   612 | D        | Reached skill level 1 in Invocations
   735 | D        | Found a radiant altar of Vehumet.
   736 | D        | Found a deep blue altar of Sif Muna.
   736 | D        | Found an ancient bone altar of Kikubaaqudgha.
   736 | D        | Noticed a wizard
   737 | D        | Killed a wizard
   754 | D        | Learned a level 3 spell: Passwall
   759 | D        | Learned a level 4 spell: Passage of Golubria
   768 | D        | Found a glowing silver altar of Zin.
   769 | D        | Found a glowing golden altar of the Shining One.
   769 | D        | Found a white marble altar of Elyvilon.
   769 | D        | Noticed a deep elf priest
   771 | D        | Killed a deep elf priest
   771 | D        | Reached skill level 1 in Earth Magic
   771 | D        | Reached XP level 7. HP: 32/32 MP: 18/20
   787 | D        | Found an iron altar of Okawaru.
   788 | D        | Found a bloodstained altar of Trog.
   788 | D        | Noticed a human
   788 | D        | Noticed a human
   790 | D        | Killed a human
   790 | D        | Reached skill level 10 in Dodging
   790 | D        | Reached skill level 11 in Stealth
   791 | D        | Killed a human
   808 | D        | Found a basalt altar of Yredelemnul.
   808 | D        | Found a snail-covered altar of Cheibriados.
   808 | D        | Found a blossoming altar of Fedhas.
   808 | D        | Noticed a necrophage
   808 | D        | Noticed a necromancer
   810 | D        | Killed a necrophage
   810 | D        | Acquired Dithmenos's first power
   810 | D        | Reached XP level 8. HP: 36/36 MP: 22/22
   811 | D        | Killed a necromancer
   830 | D        | Learned a level 5 spell: Lee's Rapid Deconstruction
   884 | D        | Noticed a two-headed ogre
   884 | D        | Noticed a two-headed ogre
   888 | D        | Killed a two-headed ogre
   890 | D        | Killed a two-headed ogre
   893 | D        | Noticed a two-headed ogre
   894 | D        | Killed a two-headed ogre
   894 | D        | Acquired Dithmenos's second power
   899 | D        | Noticed a hill giant
   902 | D        | Killed a hill giant
   902 | D        | Reached skill level 12 in Stealth
   908 | D        | Noticed a hill giant
   908 | D        | Noticed Erolcha
   910 | D        | Killed Erolcha
   910 | D        | Reached skill level 10 in Spellcasting
   910 | D        | Reached skill level 5 in Translocations
   910 | D        | Reached XP level 9. HP: 39/39 MP: 22/24
   911 | D        | Killed a hill giant
   928 | D        | Noticed a redback
   931 | D        | Killed a redback
   931 | D        | Acquired Dithmenos's third power
   931 | D        | Reached skill level 13 in Stealth
   947 | D        | Noticed a trapdoor spider
   956 | D        | HP: 1/39 [trapdoor spider (12)]
   959 | D        | Killed a trapdoor spider
   959 | D        | Reached skill level 5 in Transmutations
  1059 | D        | Noticed a trapdoor spider
  1061 | D        | Killed a trapdoor spider
  1111 | D        | Noticed a killer bee
  1111 | D        | Noticed a killer bee
  1111 | D        | Noticed a killer bee
  1111 | D        | Noticed a killer bee
  1111 | D        | Noticed a killer bee
  1111 | D        | Noticed a killer bee
  1111 | D        | Noticed a killer bee
  1111 | D        | Noticed a killer bee
  1111 | D        | Noticed a killer bee
  1111 | D        | Noticed a killer bee
  1111 | D        | Noticed a killer bee
  1111 | D        | Noticed a killer bee
  1111 | D        | Noticed a killer bee
  1111 | D        | Noticed a killer bee
  1111 | D        | Noticed a killer bee
  1112 | D        | Noticed a killer bee
  1112 | D        | Noticed a killer bee
  1112 | D        | Noticed a killer bee
  1112 | D        | Noticed a killer bee
  1112 | D        | Noticed a killer bee
  1112 | D        | Noticed a killer bee
  1112 | D        | Noticed a killer bee
  1112 | D        | Noticed a killer bee
  1112 | D        | Noticed a killer bee
  1112 | D        | Noticed a killer bee
  1112 | D        | Noticed a killer bee
  1112 | D        | Noticed a killer bee
  1112 | D        | Noticed a killer bee
  1112 | D        | Noticed a killer bee
  1112 | D        | Noticed a killer bee
  1112 | D        | Noticed a killer bee
  1112 | D        | Noticed a queen bee
  1112 | D        | Noticed a killer bee
  1114 | D        | Killed a killer bee
  1115 | D        | Killed a killer bee
  1116 | D        | Killed a killer bee
  1116 | D        | Acquired Dithmenos's fourth power
  1117 | D        | Killed a killer bee
  1118 | D        | Killed a killer bee
  1120 | D        | Killed a killer bee
  1120 | D        | Killed a killer bee
  1122 | D        | Killed a killer bee
  1133 | D        | Killed a yaktaur
  1225 | D        | Killed a yaktaur
  1262 | D        | Killed a killer bee
  1267 | D        | Killed a killer bee
  1268 | D        | Killed a killer bee
  1271 | D        | Killed a killer bee
  1273 | D        | Killed a killer bee
  1275 | D        | Killed a killer bee
  1279 | D        | Killed a killer bee
  1281 | D        | Killed a killer bee
  1283 | D        | Killed a killer bee
  1411 | D        | Killed a killer bee
  1415 | D        | Killed a killer bee
  1418 | D        | Killed a killer bee
  1420 | D        | Killed a killer bee
  1420 | D        | Reached skill level 14 in Stealth
  1420 | D        | Reached skill level 5 in Ice Magic
  1424 | D        | Killed a killer bee
  1426 | D        | Killed a killer bee
  1428 | D        | Killed a killer bee
  1430 | D        | Killed a killer bee
  1432 | D        | Killed a killer bee
  1453 | D        | Learned a level 6 spell: Invisibility
  1597 | D        | Killed a killer bee
  1604 | D        | Killed a killer bee
  1606 | D        | Killed a killer bee
  1606 | D        | Reached XP level 10. HP: 39/44 MP: 9/26
  1610 | D        | Killed a killer bee
  1610 | D        | Reached skill level 10 in Short Blades
  1613 | D        | Killed a killer bee
  1615 | D        | Killed a killer bee
  1617 | D        | Killed a queen bee
  1766 | D        | Noticed a wandering mushroom
  1767 | D        | Noticed a wandering mushroom
  1767 | D        | Noticed a wandering mushroom
  1769 | D        | Killed a wandering mushroom
  1773 | D        | Killed a wandering mushroom
  1778 | D        | Killed a wandering mushroom
  1891 | D        | Noticed a spiny frog
  1891 | D        | Noticed a komodo dragon
  1891 | D        | Noticed a spiny frog
  1912 | D        | Killed a spiny frog
  1923 | D        | Killed a spiny frog
  2187 | D        | Killed a komodo dragon
  2187 | D        | Reached skill level 5 in Armour
  2187 | D        | Reached skill level 15 in Stealth
  2210 | D        | Noticed a redback
  2217 | D        | Killed a redback
  2218 | D        | Noticed a brain worm
  2221 | D        | Killed a brain worm
  2227 | D        | Noticed a brain worm
  2229 | D        | Killed a brain worm
  2234 | D        | Noticed a lindwurm
  2236 | D        | Noticed a redback
  2237 | D        | Killed a lindwurm
  2239 | D        | Killed a redback
  2243 | D        | Noticed a redback
  2244 | D        | Killed a redback
  2245 | D        | Noticed Maud
  2247 | D        | Killed Maud
  2247 | D        | Reached skill level 5 in Conjurations
  2247 | D        | Reached skill level 5 in Earth Magic
  2247 | D        | Reached XP level 11. HP: 43/47 MP: 25/28
  2272 | D        | Noticed an electric eel
  2273 | D        | Noticed a four-headed hydra
  2273 | D        | Noticed a six-headed hydra
  2274 | D        | Killed an electric eel
  2287 | D        | Killed a four-headed hydra
  2287 | D        | Reached skill level 16 in Stealth
  2332 | D        | Killed a six-headed hydra
  2427 | D        | Killed a death drake
  2482 | D        | Noticed a six-headed hydra simulacrum
  2484 | D        | Noticed an ice dragon
  2485 | D        | Noticed an ice dragon
  2522 | D        | Found a blossoming altar of Fedhas.
  2522 | D        | Noticed a spriggan
  2522 | D        | Noticed a spriggan druid
  2522 | D        | Noticed a spriggan
  2524 | D        | Killed a spriggan druid
  2525 | D        | Killed a spriggan
  2526 | D        | Killed a spriggan
  2586 | D        | Noticed an ice dragon
  2602 | D        | Killed an ice dragon
  2602 | D        | Reached skill level 15 in Dodging
  2861 | D        | Noticed an ice dragon
  2861 | D        | Killed a six-headed hydra simulacrum
  2886 | D        | Killed an ice dragon
  2972 | D        | Killed an ice dragon
  2978 | D        | Killed an ice dragon
  3079 | D        | Found Buklug's Gadget Emporium.
  3079 | D        | Found Fehuhere's Food Shop.
  3092 | D        | Found Vefetem's Antique Weapon Shoppe.
  3096 | D        | Noticed an ice dragon
  3098 | D        | Killed an ice dragon
  3209 | D        | Got a decaying rune of Zot
  3281 | D        | Learned a level 6 spell: Darkness
  3376 | D        | Noticed a swamp drake
  3376 | D        | Noticed a fire drake
  3377 | D        | Killed a fire drake
  3379 | D        | Killed a swamp drake
  3385 | D        | Noticed a blink frog
  3386 | D        | Noticed a blink frog
  3386 | D        | Noticed a blink frog
  3386 | D        | Noticed a blink frog
  3386 | D        | Noticed a blink frog
  3387 | D        | Killed a blink frog
  3389 | D        | Killed a blink frog
  3391 | D        | Killed a blink frog
  3391 | D        | Reached skill level 17 in Stealth
  3394 | D        | Killed a blink frog
  3394 | D        | Reached skill level 10 in Hexes
  3399 | D        | Killed a blink frog
  3436 | D        | Noticed Rupert
  3482 | D        | Killed Rupert
  3482 | D        | Reached skill level 10 in Translocations
  3697 | D        | Noticed a death yak
  3698 | D        | Noticed a death yak
  3698 | D        | Noticed a blink frog
  3699 | D        | Noticed an azure jelly
  3699 | D        | Noticed a death yak
  3699 | D        | Noticed an azure jelly
  3699 | D        | Noticed a blink frog
  3699 | D        | Noticed a death yak
  3700 | D        | Killed a death yak
  3700 | D        | Reached XP level 12. HP: 51/51 MP: 26/31
  3701 | D        | Killed a blink frog
  3702 | D        | Killed a death yak
  3703 | D        | Noticed a blink frog
  3703 | D        | Noticed a black mamba
  3704 | D        | Killed a death yak
  3705 | D        | Noticed a black mamba
  3706 | D        | Killed a death yak
  3706 | D        | Reached skill level 18 in Stealth
  3707 | D        | Killed a blink frog
  3708 | D        | Killed a blink frog
  3710 | D        | Killed a black mamba
  3711 | D        | Killed a black mamba
  3749 | D        | Noticed a kraken
  3749 | D        | Noticed a snapping turtle
  3751 | D        | Noticed a snapping turtle
  3751 | D        | Noticed a snapping turtle
  3751 | D        | Noticed an alligator snapping turtle
  3751 | D        | Noticed a snapping turtle
  3751 | D        | Noticed a snapping turtle
  3751 | D        | Found Caczuwad's Distillery.
  3751 | D        | Found Xompuj's Book Boutique.
  3751 | D        | Found Wosh's Antique Armour Shoppe.
  3752 | D        | Killed a snapping turtle
  4028 | D        | Killed a snapping turtle
  4055 | D        | Killed a kraken
  4055 | D        | Reached skill level 10 in Transmutations
  4244 | D        | Killed a snapping turtle
  4249 | D        | Killed a snapping turtle
  4258 | D        | Killed an alligator snapping turtle
  4260 | D        | Killed a snapping turtle
  4266 | D        | Got a barnacled rune of Zot
  4353 | D        | Noticed an azure jelly
  4353 | D        | Noticed an azure jelly
  4354 | D        | Noticed an elephant
  4354 | D        | Noticed an elephant
  4354 | D        | Noticed a dire elephant
  4354 | D        | Noticed a dire elephant
  4354 | D        | Noticed Gastronok
  4356 | D        | Killed Gastronok
  4356 | D        | Reached skill level 15 in Spellcasting
  4357 | D        | Killed a dire elephant
  4357 | D        | Reached skill level 19 in Stealth
  4359 | D        | Killed a dire elephant
  4363 | D        | Killed an elephant
  4365 | D        | Killed an elephant
  4538 | D        | Gained mutation: Potions and wands are less effective at restoring your health. [mutagenic glow]
  4699 | D        | Noticed an orc priest
  4700 | D        | Found Aquedees's Weapon Shop.
  4700 | D        | Noticed an orc wizard
  4701 | D        | Noticed an orc sorcerer
  4701 | D        | Noticed an orc sorcerer
  4701 | D        | Noticed an orc sorcerer
  4701 | D        | Noticed an orc priest
  4701 | D        | Noticed an orc priest
  4701 | D        | Noticed an orc wizard
  4701 | D        | Noticed an orc sorcerer
  4701 | D        | Noticed an orc priest
  4702 | D        | Killed an orc priest
  4703 | D        | Killed an orc wizard
  4704 | D        | Killed an orc sorcerer
  4709 | D        | Killed an orc priest
  4710 | D        | Killed an orc sorcerer
  4710 | D        | Reached XP level 13. HP: 55/55 MP: 9/33
  4723 | D        | Killed an orc sorcerer
  4728 | D        | Killed an orc sorcerer
  4733 | D        | Killed an orc priest
  4738 | D        | Killed an orc priest
  4741 | D        | Killed an orc wizard
  5009 | D        | Noticed a deep elf priest
  5009 | D        | Noticed a deep elf conjurer
  5009 | D        | Noticed a deep elf summoner
  5009 | D        | Noticed a deep elf knight
  5009 | D        | Noticed a deep elf knight
  5015 | D        | Noticed a deep elf demonologist
  5017 | D        | Killed a deep elf knight
  5019 | D        | Killed a deep elf priest
  5020 | D        | Killed a deep elf summoner
  5021 | D        | Killed a deep elf knight
  5022 | D        | Killed a deep elf conjurer
  5023 | D        | Noticed a deep elf annihilator
  5140 | D        | Noticed a deep elf annihilator
  5140 | D        | Noticed a deep elf annihilator
  5141 | D        | Killed a deep elf demonologist
  5143 | D        | Killed a deep elf annihilator
  5145 | D        | Killed a deep elf annihilator
  5145 | D        | Reached skill level 20 in Stealth
  5147 | D        | Killed a deep elf annihilator
  5150 | D        | Noticed a deep elf master archer
  5150 | D        | Noticed a deep elf death mage
  5152 | D        | Killed a deep elf death mage
  5153 | D        | Noticed a deep elf high priest
  5154 | D        | Killed a deep elf master archer
  5156 | D        | Killed a deep elf high priest
  5163 | D        | Got a brightly glowing bronze amulet
  5171 | D        | Identified the Disquisition on Unholy Displacement
  5185 | D        | Got an ichor-stained scale mail
  5230 | D        | Identified the amulet of Oriz {Spirit rPois rN++ Dex+3} (You found it in the Dungeon)
  5530 | D        | Learned a level 5 spell: Phase Shift
  5585 | D        | Noticed Dowan
  5585 | D        | Noticed Duvessa
  5595 | D        | Killed Dowan
  5595 | D        | Reached skill level 15 in Short Blades
  5611 | D        | Killed Duvessa
  5748 | D        | Noticed an orc priest
  5748 | D        | Noticed an orc high priest
  5749 | D        | Noticed an orc priest
  5749 | D        | Noticed an orc priest
  5750 | D        | Killed an orc priest
  5751 | D        | Killed an orc high priest
  5753 | D        | Killed an orc priest
  5755 | D        | Killed an orc priest
  5788 | D        | Noticed a spriggan defender
  5789 | D        | Noticed a spriggan defender
  5789 | D        | Noticed a spriggan defender
  5789 | D        | Noticed a spriggan defender
  5790 | D        | Killed a spriggan defender
  5792 | D        | Killed a spriggan defender
  5794 | D        | Killed a spriggan defender
  5795 | D        | Killed a spriggan defender
  5920 | D        | Noticed an orange crystal statue
  5928 | D        | Killed an orange crystal statue
  5938 | D        | Found Vubliwo's Magic Scroll Emporium.
  5938 | D        | Found Mud Fouc's Jewellery Shop.
  5938 | D        | Found Allux's Antique Weapon Boutique.
  5938 | D        | Found Jocieps's Distillery.
  5938 | D        | Found Beuten's Food Boutique.
  5938 | D        | Found Raurho's Antique Weapon Emporium.
  5938 | D        | Found Usmesoni's Food Shoppe.
  5938 | D        | Found Obiurro's Distillery.
  5938 | D        | Found Hatig's Book Shop.
  5938 | D        | Found Exoomi's Jewellery Emporium.
  5938 | D        | Found Ofuck's Antique Armour Emporium.
  5938 | D        | Found Odyihit's Gadget Boutique.
  5999 | D        | Noticed a crystal guardian
  5999 | D        | Noticed a crystal guardian
  5999 | D        | Noticed a crystal guardian
  5999 | D        | Noticed a crystal guardian
  6001 | D        | Killed a crystal guardian
  6002 | D        | Killed a crystal guardian
  6003 | D        | Killed a crystal guardian
  6013 | D        | Killed a crystal guardian
  6132 | D        | Noticed a slime creature
  6137 | D        | Killed a slime creature
  6140 | D        | Noticed a manticore
  6142 | D        | Killed a manticore
  6142 | D        | Reached skill level 21 in Stealth
  6169 | D        | Noticed a centaur warrior
  6173 | D        | Killed a centaur warrior
  6182 | D        | Noticed a fire dragon
  6185 | D        | Killed a fire dragon
  6212 | D        | Noticed a long sword of freezing
  6212 | D        | Noticed a dire flail of crushing
  6213 | D        | Noticed a trident of freezing
  6214 | D        | Noticed a halberd of chopping
  6215 | D        | Killed a trident of freezing
  6218 | D        | Killed a halberd of chopping
  6406 | D        | Killed a long sword of freezing
  6406 | D        | Reached XP level 14. HP: 59/59 MP: 29/36
  6417 | D        | Killed a dire flail of crushing
  6473 | D        | Noticed a slime creature
  6473 | D        | Noticed a white ugly thing
  6473 | D        | Noticed a purple ugly thing
  6473 | D        | Noticed a red ugly thing
  6474 | D        | Noticed an anaconda
  6476 | D        | Killed an anaconda
  6479 | D        | Killed a white ugly thing
  6485 | D        | Killed a red ugly thing
  6488 | D        | Killed a purple ugly thing
  6495 | D        | Noticed a slime creature
  6495 | D        | Noticed a yaktaur captain
  6501 | D        | Killed a slime creature
  6502 | D        | Killed a slime creature
  6564 | D        | Killed a yaktaur captain
  6633 | D        | Learned a level 6 spell: Poison Arrow
  6717 | D        | Noticed a purple ugly thing
  6718 | D        | Noticed Chuck
  6718 | D        | Noticed a slime creature
  6720 | D        | Killed a purple ugly thing
  6723 | D        | Killed a slime creature
  6756 | D        | Killed Chuck
  6756 | D        | Reached skill level 1 in Poison Magic
  6956 | D        | Noticed Frederick
  6964 | D        | Killed Frederick
  6964 | D        | Reached skill level 22 in Stealth
  6977 | D        | Noticed a green ugly thing
  6980 | D        | Killed a green ugly thing
  6984 | D        | Noticed a lich
  6987 | D        | Killed a lich
  6992 | D        | Noticed a moth of wrath
  6993 | D        | Noticed a slime creature
  6994 | D        | Killed a moth of wrath
  6996 | D        | Killed a slime creature
  6997 | D        | Noticed a shadow dragon
  7000 | D        | Noticed a shadow dragon
  7000 | D        | Noticed an ogre mage
  7001 | D        | Killed a shadow dragon
  7002 | D        | Killed a shadow dragon
  7003 | D        | Killed an ogre mage
  7040 | D        | Noticed an obsidian statue
  7040 | D        | Noticed a cyan ugly thing
  7040 | D        | Noticed a merfolk
  7042 | D        | Killed a merfolk
  7044 | D        | Killed a cyan ugly thing
  7055 | D        | Killed an obsidian statue
  7219 | D        | Noticed a skeletal warrior
  7219 | D        | Noticed a skeletal warrior
  7219 | D        | Noticed a skeletal warrior
  7219 | D        | Noticed a skeletal warrior
  7232 | D        | Killed a skeletal warrior
  7233 | D        | Killed a skeletal warrior
  7410 | D        | Killed a skeletal warrior
  7482 | D        | Noticed an ancient lich
  7564 | D        | Killed an ancient lich
  7564 | D        | Reached skill level 23 in Stealth
  7564 | D        | Reached skill level 15 in Translocations
  7564 | D        | Reached skill level 10 in Earth Magic
  7592 | D        | Killed a skeletal warrior
  7819 | D        | Noticed a mummy priest
  7820 | D        | Noticed a guardian mummy
  7820 | D        | Noticed a sphinx
  7820 | D        | Noticed a sphinx
  7821 | D        | Killed a mummy priest
  7821 | D        | Reached skill level 10 in Ice Magic
  7822 | D        | Killed a guardian mummy
  7824 | D        | Killed a sphinx
  7824 | D        | Reached skill level 5 in Poison Magic
  7824 | D        | Reached XP level 15. HP: 60/60 MP: 29/38
  7829 | D        | Killed a sphinx
  8073 | D        | Noticed a guardian mummy
  8073 | D        | Noticed a guardian mummy
  8092 | D        | Killed a guardian mummy
  8200 | D        | Killed a guardian mummy
  8385 | D        | Noticed a mummy priest
  8385 | D        | Noticed a guardian mummy
  8387 | D        | Killed a mummy priest
  8388 | D        | Killed a guardian mummy
  8547 | D        | Noticed a guardian mummy
  8548 | D        | Noticed a guardian mummy
  8548 | D        | Noticed a mummy priest
  8549 | D        | Killed a guardian mummy
  8719 | D        | Killed a guardian mummy
  8871 | D        | Killed a mummy priest
  8872 | D        | Noticed a guardian mummy
  8872 | D        | Noticed a guardian mummy
  8872 | D        | Noticed a guardian mummy
  9027 | D        | Killed a guardian mummy
  9094 | D        | Killed a guardian mummy
  9097 | D        | Killed a guardian mummy
  9308 | D        | Noticed a yaktaur captain
  9308 | D        | Noticed a yaktaur
  9308 | D        | Noticed a yaktaur
  9454 | D        | Bought a potion of flight for 33 gold pieces
  9454 | D        | Bought a potion of flight for 33 gold pieces
  9454 | D        | Bought a potion of flight for 33 gold pieces
  9454 | D        | Bought a potion of flight for 33 gold pieces
  9492 | D        | Killed a yaktaur captain
  9498 | D        | Killed a yaktaur
  9502 | D        | Noticed a yaktaur
  9504 | D        | Killed a yaktaur
  9511 | D        | Killed a yaktaur
  9555 | D        | Noticed Azrael
  9557 | D        | Killed Azrael
  9599 | D        | Got a blackened buckler
  9605 | D        | Identified the +0 buckler "Veohatuo" {rPois MP+9 Slay+4} (You acquired it in the Dungeon)
  9610 | D        | Got a scorched ruby amulet
  9612 | D        | Identified the amulet "Olyhir" {Clar rN+ Str+2 Dex+3} (You acquired it in the Dungeon)
  9704 | D        | Noticed a skeletal warrior
  9710 | D        | Killed a skeletal warrior
  9819 | D        | Bought a scroll of magic mapping for 38 gold pieces
  9942 | D        | Noticed a frost giant
  9942 | D        | Noticed a vault guard
  9942 | D        | Noticed a vault guard
  9943 | D        | Noticed a fire giant
  9943 | D        | Noticed a vault guard
  9943 | D        | Noticed a vault guard
  9943 | D        | Noticed a golden dragon
  9943 | D        | Noticed a vault guard
  9943 | D        | Noticed a vault guard
  9943 | D        | Noticed a skeletal warrior
  9943 | D        | Noticed a quicksilver dragon
  9943 | D        | Noticed a vault guard
  9943 | D        | Noticed a vault guard
  9943 | D        | Noticed a skeletal warrior
  9943 | D        | Noticed a shadow dragon
  9943 | D        | Noticed a vault guard
  9943 | D        | Noticed a vault guard
  9943 | D        | Noticed a golden dragon
  9943 | D        | Noticed a vault guard
  9943 | D        | Noticed a vault guard
  9943 | D        | Noticed a titan
  9943 | D        | Noticed a vault guard
  9943 | D        | Noticed a vault guard
  9943 | D        | Noticed a golden dragon
  9943 | D        | Noticed a vault guard
  9943 | D        | Noticed a vault guard
  9944 | D        | Noticed a centaur warrior
 10013 | D        | Killed a vault guard
 10077 | D        | Killed a vault guard
 10077 | D        | Reached skill level 1 in Shields
 10084 | D        | Killed a vault guard
 10101 | D        | Killed a vault guard
 10101 | D        | Reached skill level 24 in Stealth
 10244 | D        | Killed a frost giant
 10293 | D        | Killed a vault guard
 10300 | D        | Killed a golden dragon
 10406 | D        | Killed a vault guard
 10617 | D        | Killed a vault guard
 10631 | D        | Killed a vault guard
 10702 | D        | Killed a titan
 10728 | D        | Killed a vault guard
 10733 | D        | Killed a vault guard
 10742 | D        | Killed a skeletal warrior
 10993 | D        | Killed a vault guard
 11003 | D        | Killed a skeletal warrior
 11008 | D        | Killed a vault guard
 11118 | D        | Killed from afar by a golden dragon

Vault maps used:
D:        dungeon_sprint_mu

Action                   |  1- 3 |  4- 6 |  7- 9 | 10-12 | 13-15 || total
-------------------------+-------+-------+-------+-------+-------++-------
Melee: Dagger            |     8 |    13 |    42 |   128 |    16 ||   207
       Short sword       |       |       |       |       |    24 ||    24
       Rapier            |       |       |       |       |     7 ||     7
       Quick blade       |       |       |       |       |   128 ||   128
Throw: Throwing net      |       |       |       |     5 |    11 ||    16
 Cast: Ensorcelled Hiber |     2 |       |    23 |    19 |     6 ||    50
       Confuse           |       |     3 |       |    11 |    25 ||    39
       Dazzling Spray    |       |     6 |    19 |    31 |    79 ||   135
       Lee's Rapid Decon |       |       |       |     1 |    18 ||    19
       Passage of Golubr |       |       |       |     1 |     7 ||     8
       Passwall          |       |       |       |     1 |     4 ||     5
       Tukima's Dance    |       |       |       |     1 |    22 ||    23
       Invisibility      |       |       |       |     4 |     3 ||     7
       Phase Shift       |       |       |       |       |     4 ||     4
       Poison Arrow      |       |       |       |       |     1 ||     1
Invok: Shadow Step       |       |       |     3 |    11 |    16 ||    30
  Use: Potion            |       |     3 |     2 |       |     7 ||    12
       Scroll            |       |     3 |       |     1 |    12 ||    16
 Stab: Sleeping          |     5 |     5 |    29 |    49 |    56 ||   144
       Invisible         |       |       |     4 |     4 |    10 ||    18
       Confused          |       |       |       |     7 |    16 ||    23
       Held in net/web   |       |       |       |     2 |     6 ||     8
       Distracted        |       |       |       |       |     3 ||     3
  Eat: Bread ration      |       |       |       |     1 |       ||     1
       Fruit             |       |       |       |       |     8 ||     8
